 Dungeon Crawl Stone Soup version 0.27.1-33-g824d729ab1 (webtiles) character file.

Game seed: 13455046326651549751

112 belegose the Skirmisher (level 4, -1/75 HPs)
             Began as an Ogre Berserker on Dec 25, 2021.
             Was a Believer of Trog.
             Slain by a hobgoblin (3 damage)
             ... on level 3 of the Dungeon.
             The game lasted 00:04:52 (2859 turns).

belegose the Skirmisher (Ogre Berserker)            Turns: 2859, Time: 00:04:53

Health: -1/75      AC:  3    Str: 21    XL:     4   Next: 95%
Magic:  4/4        EV: 10    Int:  9    God:    Trog [**....]
Gold:   154        SH:  0    Dex:  8    Spells: 3/3 levels left

rFire    . . .     SeeInvis .   a - +0 spear
rCold    . . .     Faith    .   (no shield)
rNeg     . . .     Spirit   .   b - +0 animal skin
rPois    .         Reflect  .   (helmet restricted)
rElec    .         Harm     .   (no cloak)
rCorr    .         Rampage  .   (gloves unavailable)
Will     .....                  (boots unavailable)
Stlth    ..........             (no amulet)
HPRegen  0.22/turn              (no ring)
MPRegen  0.09/turn              (no ring)

@: berserking, very quick
A: large, unfitting armour, tough skin 1
a: Renounce Religion, Berserk, Trog's Hand


You were on level 3 of the Dungeon.
You worshipped Trog.
Trog was pleased with you.
You visited 1 branch of the dungeon, and saw 3 of its levels.

You collected 154 gold pieces.

Inventory:

Hand Weapons
 a - a +0 spear (weapon)
Missiles
 j - 48 stones (quivered)
 k - 8 poisoned darts
 n - 7 javelins
Armour
 b - a +0 animal skin (worn)
Scrolls
 d - a scroll of summoning {unknown}
 g - a scroll of fog {unknown}
 h - 2 scrolls of identify {unknown}
 l - 2 scrolls of enchant armour {unknown}
Potions
 c - 2 potions of might {unknown}
 e - a potion of mutation {unknown}
 f - a potion of heal wounds {unknown}
 i - a potion of magic {unknown}
 m - 2 potions of curing {unknown}


   Skills:
 + Level 5.3 Fighting
 + Level 4.1 Polearms
 + Level 2.0 Throwing
 - Level 2.6 Dodging


You had 3 spell levels left.
You didn't know any spells.
Your spell library was empty.

Dungeon Overview and Level Annotations

Branches:
Dungeon (3/15)

Altars:

Shops:
D:2 ([(   D:3 =(


Innate Abilities, Weirdness & Mutations

You are too large for most types of armour.
You have tough skin. (AC +1)


Message History

You closely miss the white imp.
The white imp is severely wounded.
The white imp gestures at you. The puff of frost hits you!
You barely miss the white imp.
The white imp is severely wounded.
The white imp hits you. The white imp freezes you.
You barely miss the white imp.
The white imp is severely wounded.
The white imp gestures at you. The puff of frost hits you!
There is an open door here.
The white imp gestures at you. The puff of frost hits you!
* * * LOW HITPOINT WARNING * * *
The hobgoblin closely misses you. The white imp hits you.
* * * LOW HITPOINT WARNING * * *
The white imp freezes you.
* * * LOW HITPOINT WARNING * * *
There is an open door here.
A red film seems to cover your vision as you go berserk!
You feel yourself moving faster!
You feel mighty! The hobgoblin hits you.
* * * LOW HITPOINT WARNING * * *
The white imp hits you.
* * * LOW HITPOINT WARNING * * *
The white imp freezes you.
* * * LOW HITPOINT WARNING * * *
You closely miss the white imp.
The white imp is severely wounded.
The hobgoblin hits you.
* * * LOW HITPOINT WARNING * * *
Unknown command.
You closely miss the white imp.
The white imp is severely wounded.
The white imp hits you but does no damage.
You hit the white imp.
You kill the white imp!
Trog accepts your kill. The hobgoblin hits you.
You die...

#.#
#.##.#.#........
#.#
#.##†#.#........
#.#
#.##.#.##...####
#.###.##.#.##...#
#.#...##.#.##...#
#.#.####.#.#
#........#.#
###.######..
###@### #.g...#
#.....# #.....#
+.....'..
#.....####
......# #.######
#.


You could see a hobgoblin.

Vanquished Creatures
  A bullfrog skeleton (D:3)
  An adder (D:2)
  2 white imps (D:3)
  A worm (D:2)
  A dart slug (D:2)
  2 orcs (D:3)
  5 ball pythons
  6 endoplasms
  4 giant cockroaches
  5 hobgoblins
  10 jackals
  2 quokkas (D:1)
  3 bats
  5 frilled lizards
  6 goblins
  5 rats
59 creatures vanquished.

Notes
Turn   | Place    | Note
-------+----------+-------------------------------------------
     0 | D:1      | belegose the Ogre Berserker began the quest for the Orb.
     0 | D:1      | Reached XP level 1. HP: 24/24 MP: 1/1
   284 | D:1      | Reached XP level 2. HP: 29/33 MP: 2/2
   592 | D:1      | Reached ** piety under Trog
   866 | D:2      | Reached XP level 3. HP: 39/40 MP: 3/3
  1199 | D:2      | Reached skill level 1 in Throwing
  1220 | D:2      | Found Odwi's Antique Armour Shoppe.
  1273 | D:2      | Found Serufeuh's Antique Weapon Emporium.
  1678 | D:2      | Found a faded altar of an unknown god.
  1721 | D:2      | Found Katobin's Weapon Boutique.
  1877 | D:3      | Reached skill level 5 in Fighting
  1884 | D:3      | Reached XP level 4. HP: 45/50 MP: 4/4
  2385 | D:3      | Found Vengi's Weapon Shop.
  2589 | D:3      | Found Jyepuf's Jewellery Emporium.
  2856 | D:3      | HP: 3/75 [white imp (4)]
  2857 | D:3      | HP: 1/75 [hobgoblin (2)]
  2859 | D:3      | Slain by a hobgoblin

Illustrated notes

Levels and vault maps discovered:
D:1:      dpeg_arrival_orchard, layout_loops_cross, dk_noncrumbling_4
D:2:      layout_loops_ring, shapermc_ecumenical_altar_pompeii, serial_shops,
          shop, nicolae_shop_crystal, shop
D:3:      layout_basic, serial_shops, shop, nicolae_lakefront_shop

Skill      XL: |  1  2  3  4 |
---------------+-------------+-----
Throwing       | 1 2 |  2.0
Fighting       | 5 |  5.3
Polearms       | 4 |  4.1
Dodging        | |  2.6

Action                   |  1- 3 |  4- 6 || total
-------------------------+-------+-------++-------
Melee: Spear             |   142 |   103 ||   245
Invok: Berserk           |       |     1 ||     1
 Stab: Sleeping          |     1 |       ||     1
Armor: Animal skin       |    42 |    18 ||    60
Dodge: Dodged            |    46 |    52 ||    98
